 Dungeon Crawl Stone Soup version 0.31-a0-981-geadf994542 (webtiles) character file.

Game seed: 1243014362110412226

7576 Majang the Grappler (level 11, -1/71 HPs)
             Began as an Octopode Shapeshifter on Nov 1, 2023.
             Was an Elder of the Shining One.
             Slain by a troll (3 damage)
             ... on level 10 of the Dungeon.
             The game lasted 00:54:29 (10449 turns).

Majang the Grappler (Octopode Shapeshifter)        Turns: 10449, Time: 00:54:29

Health: -1/71      AC:  1    Str: 17    XL:     11   Next: 17%
Magic:  17/17      EV: 14    Int: 14    God:    the Shining One [****..]
Gold:   255        SH:  7    Dex: 11    Spells: 18/18 levels left

rFire   . .          .
                       - Unarmed
rCold   + . .        w - +2 buckler
rNeg    + + .        (helmet currently unavailable)
rPois   .            (no amulet)
rElec   .            g - ring of flight
rCorr   .            v - ring of protection from cold
SInv    .            (no ring)
Will    .....        (no ring)
Stlth   +            (no ring)
HPRegen 0.31/turn    (no ring)
MPRegen 0.15/turn    (no ring)
                     (no ring)

%: no passive effects
@: beast-form, flying, glowing
A: beast (slay +4), almost no armour, amphibious, 8 rings, camouflage 1,
gelatinous body 1, (nimble swimmer 1), tentacles
a: Begin Untransformation, Renounce Religion, Divine Shield, Cleansing Flame


You were on level 10 of the Dungeon.
You worshipped the Shining One.
The Shining One was greatly pleased with you.
You were a hulking beast.
You visited 3 branches of the dungeon, and saw 12 of its levels.

You collected 502 gold pieces.
You spent 247 gold pieces at shops.

Inventory:

Missiles
 f - 2 javelins
 m - 2 throwing nets
 n - 10 poisoned darts
Armour
 q - a +1 kite shield
 w - a +2 buckler (worn)
Jewellery
 g - a ring of flight (left tentacle)
 v - a ring of protection from cold (right tentacle)
Talismans
 b - a beast talisman (active)
 c - a flux talisman
Wands
 o - a wand of digging (6)
Scrolls
 d - 3 scrolls of noise
 j - 3 scrolls of teleportation
 s - 3 scrolls of amnesia
 u - a scroll of enchant weapon
Potions
 a - 3 potions of lignification
 e - 2 potions of magic
 h - a potion of ambrosia
 i - 3 potions of curing
 k - a potion of haste {unknown}
 l - a potion of might {unknown}
 p - a potion of cancellation
 r - 2 potions of enlightenment {unknown}


   Skills:
 + Level 5.0 Fighting
 + Level 5.3 Dodging
 + Level 4.8 Shields
 * Level 8.7 Unarmed Combat
 + Level 4.3 Spellcasting
 + Level 5.2 Invocations
 + Level 5.5 Evocations
 * Level 8.2 Shapeshifting


You had 18 spell levels left.
You didn't know any spells.
Your spell library contained the following spells:

 Spells                   Type           Power      Damage    Failure   Level
 Freeze                   Ice            12%        1d3       24%         1
 Magic Dart               Conj           12%        1d3       24%         1
 Call Imp                 Summ           6%         N/A       36%         2
 Static Discharge         Conj/Air       6%         3-4/arc   36%         2
 Frozen Ramparts          Ice            6%         1d1       58%         3
 Hailstorm                Conj/Ice       3%         3d3       58%         3
 Mephitic Cloud           Conj/Pois/Air  3%         N/A       58%         3
 Airstrike                Air            1%         2d(1-17)  94%         4
 Summon Lightning Spire   Summ/Air       3%         N/A       94%         4


Dungeon Overview and Level Annotations

Branches:
Dungeon (10/15)            Temple (1/1) D:6             Orc (1/2) D:9
   Lair: D:8-11

Altars:
Ashenzari
Cheibriados
Dithmenos
Elyvilon
Fedhas
Gozag
Hepliaklqana
Kikubaaqudgha
Makhleb
Nemelex Xobeh
Okawaru
Qazlal
Ru
Sif Muna
Trog
Uskayaw
Vehumet
Wu Jian
Xom
Yredelemnul
Zin
The Shining One

Shops:
D:9 *[:

Annotations:
D:8 2 transporters, Zlot's ghost, novice DsBe
Temple 2 transporters


Innate Abilities, Weirdness & Mutations

You are a hulking beast.
Your limbs bulge with bestial killing power. (Slay +4)
You cannot wear most types of armour.
You are amphibious.
You can wear up to eight rings at the same time.
Your skin changes colour to match your surroundings (Stealth+).
Your rubbery body absorbs attacks. (AC +1, EV +1)
((You are camouflaged when in or above water. (Stealth+)))
You have tentacles for arms and can constrict up to eight enemies at once.


Message History

A troll comes into view.
The troll shouts!
The troll moves out of view.
Found a scroll of noise and 14 gold pieces.
You see here a scroll of noise.
d - 3 scrolls of noise (gained 1)
You see here 14 gold pieces.
You now have 255 gold pieces (gained 14).
You bludgeon the troll!
The troll is moderately wounded.
The troll bites you! The troll closely misses you. The troll claws you.
You barely miss the troll.
The troll is moderately wounded.
The troll completely misses you. The troll claws you! The troll misses you.
You bludgeon the troll!
The troll is heavily wounded.
You barely miss the troll.
Your tentacle-slap misses the troll.
The troll is heavily wounded.
The troll completely misses you. You block the troll's attack.
The troll barely misses you.
You tentacle-slap the troll. x2
The troll is severely wounded.
You block the troll's attack. The troll closely misses you.
The troll claws you!
You tentacle-slap the troll but do no damage.
The troll is severely wounded.
You block the troll's attack. The troll closely misses you.
The troll claws you!
You tentacle-slap the troll.
The troll is severely wounded.
The troll bites you!
* * * LOW HITPOINT WARNING * * *
The troll completely misses you. The troll claws you!
* * * LOW HITPOINT WARNING * * *
You bludgeon the troll!
The troll is almost dead.
The troll bites you.
* * * LOW HITPOINT WARNING * * *
You block the troll's attack. The troll claws you.
You die...

#######'#####...#
#†######>##
#######.##...#.#
.......)##.#.#.###
##########T#.....#
#.###...T.... #.#
#.#......
#.#############
#.....Th.......
###############


You could see a troll.

Vanquished Creatures
  Erolcha (D:10)
  A hornet (D:7)
  A troll (D:10)
  Grinder (D:6)
  A shadow (D:9)
  12 yaks
  An unseen horror simulacrum (D:9)
  A wyvern (D:7)
  A steam dragon (D:7)
  2 water moccasins
  6 orc warriors
  3 ice beasts
  A black bear (D:5)
  4 ogres
  A wolf (D:9)
  2 centaurs (D:9)
  Blork the orc (D:5)
  5 scorpions
  11 wights
  4 killer bees (D:9)
  2 electric eels
  4 hounds
  10 orc priests
  A jelly (D:4)
  7 iguanas
  2 sleepcaps
  9 orc wizards
  Robin (D:3)
  6 gnolls
  6 adders
  A shadow imp (D:8)
  2 white imps
  4 ufetubi
  2 worms
  2 dart slugs
  36 orcs
  6 ball pythons
  4 endoplasms
  4 giant cockroaches
  15 goblins
  14 hobgoblins
  4 jackals (D:1)
  7 kobolds
  3 quokkas
  5 bats
  4 frilled lizards
  7 rats
228 creatures vanquished.

Notes
Turn   | Place    | Note
-------+----------+-------------------------------------------
     0 | D:1      | Majang the Octopode Shapeshifter began the quest for the
                  | Orb.
     0 | D:1      | Reached XP level 1. HP: 13/13 MP: 1/1
   108 | D:1      | Reached XP level 2. HP: 14/18 MP: 2/2
   411 | D:1      | Reached XP level 3. HP: 19/23 MP: 3/3
  1183 | D:2      | Found a faded altar of an unknown god.
  1216 | D:2      | Prayed at the altar of an unknown god.
  1216 | D:2      | Became a worshipper of the Shining One
  1216 | D:2      | Reached * piety under the Shining One
  1385 | D:2      | Reached XP level 4. HP: 28/28 MP: 4/4
  1623 | D:3      | Found a burning altar of Makhleb.
  1631 | D:3      | Noticed Robin
  1692 | D:3      | Killed Robin
  1883 | D:3      | Found a sparkling altar of Nemelex Xobeh.
  2043 | D:3      | Reached XP level 5. HP: 33/33 MP: 5/5
  2434 | D:4      | Noticed an ogre
  2445 | D:4      | Killed an ogre
  2446 | D:4      | Reached skill level 5 in Unarmed Combat
  2564 | D:4      | Reached XP level 6. HP: 38/38 MP: 6/6
  2862 | D:4      | Reached skill level 1 in Evocations
  2862 | D:4      | Reached skill level 5 in Shapeshifting
  3021 | D:4      | Reached ** piety under the Shining One
  3029 | D:4      | Reached skill level 1 in Invocations
  3029 | D:4      | Reached XP level 7. HP: 43/43 MP: 8/8
  3202 | D:5      | Entered Level 5 of the Dungeon
  3207 | D:5      | Reached skill level 1 in Shields
  3413 | D:5      | Reached skill level 1 in Spellcasting
  4186 | D:5      | Reached XP level 8. HP: 50/50 MP: 10/10
  4234 | D:5      | Noticed Blork the orc
  4242 | D:5      | Killed Blork the orc
  4986 | D:6      | Found a staircase to the Ecumenical Temple.
  5005 | Temple   | Found a transporter.
  5005 | Temple   | Found a transporter.
  5005 | Temple   | Found a transporter.
  5005 | Temple   | Found a transporter.
  5005 | Temple   | Entered the Ecumenical Temple
  5693 | D:6      | Noticed Grinder
  5702 | D:6      | Paralysed by Grinder for 3 turns
  5706 | D:6      | Killed Grinder
  5880 | D:7      | Reached XP level 9. HP: 49/56 MP: 12/12
  5997 | D:7      | HP: 2/56 [steam dragon (5)]
  6194 | D:7      | Noticed a hornet
  6199 | D:7      | Killed a hornet
  7212 | D:8      | Reached XP level 10. HP: 39/63 MP: 14/14
  7477 | D:8      | Reached *** piety under the Shining One
  7839 | D:8      | Found a transporter.
  7840 | D:8      | Noticed Zlot's ghost (novice DsBe)
  7843 | D:8      | Found a transporter.
  8195 | D:9      | Found Zoeweodo's Self-Published Books.
  8441 | D:9      | Found Gozag's Platinum Reserve.
  8445 | D:9      | Found an opulent altar of Gozag.
  9026 | D:9      | Reached **** piety under the Shining One
  9586 | D:9      | Reached skill level 5 in Dodging
  9586 | D:9      | Reached skill level 5 in Evocations
  9994 | D:9      | Reached skill level 5 in Invocations
 10126 | D:9      | Found Noyqint's Armour Boutique.
 10134 | D:9      | Bought a +2 buckler for 247 gold pieces
 10184 | D:9      | Found a staircase to the Orcish Mines.
 10224 | D:12     | Identified the of Ixay
 10224 | Orc:1    | Entered Level 1 of the Orcish Mines
 10225 | Orc:1    | Noticed an orc warlord
 10263 | D:10     | Entered Level 10 of the Dungeon
 10336 | D:10     | Noticed Erolcha
 10344 | D:10     | Reached XP level 11. HP: 70/70 MP: 17/17
 10370 | D:10     | Killed Erolcha
 10371 | D:10     | Reached skill level 5 in Fighting
 10449 | D:10     | HP: 2/71 [troll (4)]
 10449 | D:10     | Slain by a troll

Illustrated notes

Levels and vault maps discovered:
D:1:      dpeg_arrival_erosion, layout_rooms, minmay_heptomino_l4
D:2:      layout_loops_ring, dreamdust_ecumenical_altar_hidden_monk_grotto
D:3:      layout_basic, mainiacjoe_overflow_cross_hatched,
          mainiacjoe_overflow_surrounded_room, palyth_stone_intersect,
          st_stairs_8, uniq_robin
D:4:      layout_rooms
D:5:      layout_basic, corexii_checkpoint, uniq_blork_the_orc
D:6:      layout_loops_ring, minmay_temple_entry_waves,
          kennysheep_generic_room_2, uniq_grinder
D:7:      layout_loops_ring
D:8:      layout_cave_pods, gammafunk_ghost_hive
D:9:      layout_basic, nicolae_gozag_zags_fifth_avenue, erik_orc_2,
          serial_shops, shop, serial_ice, serial_ice_h, serial_ice_b,
          serial_ice_d, serial_ice_o, serial_ice_g, serial_ice_l,
          nicolae_custom_books, minivault_26, hangedman_decor_clover_reticule
D:10:     gammafunk_boulding_lane, layout_basic, chequers_garden, uniq_erolcha
Temple:   hellmonk_temple_divided_pantheon
Orc:1:    cheibrodos_orc_guarddog, layout_caves

Skill      XL: |  1  2  3  4  5  6  7  8  9 10 11 |
---------------+----------------------------------+-----
Unarmed Combat | 4 5 6 7 8 |  8.7
Shapeshifting  | 4 5 6 7 8 |  8.2
Evocations     | 1 2 3 4 5 |  5.5
Invocations    | 1 2 3 5 |  5.2
Shields        | 1 2 3 4 |  4.8
Spellcasting   | 1 2 3 4 |  4.3
Fighting       | 2 3 4 5 |  5.0
Dodging        | 3 4 5 |  5.3

Action                     |  1- 3 |  4- 6 |  7- 9 | 10-12 || total
---------------------------+-------+-------+-------+-------++-------
  Melee: Unarmed           |    82 |    94 |   183 |   205 ||   564
         Constrict         |    19 |    22 |    44 |    35 ||   120
         Tentacles         |    17 |    19 |    58 |    44 ||   138
         Punch             |     1 |     5 |    14 |    18 ||    38
  Throw: Dart              |       |       |     1 |       ||     1
         Javelin           |       |       |     1 |       ||     1
  Evoke: Wand              |       |       |       |     2 ||     2
    Use: Scroll            |       |    10 |     4 |     3 ||    17
         Potion            |       |     1 |     2 |     1 ||     4
   Stab: Sleeping          |     5 |       |       |       ||     5
 Armour: Skin              |    33 |    34 |    76 |    94 ||   237
  Dodge: Dodged            |    30 |    38 |    58 |    84 ||   210
  Block: Kite shield       |       |       |    50 |    40 ||    90
         Buckler           |       |       |       |    16 ||    16
   Form: Beast             |     1 |       |       |       ||     1
         Flux              |     1 |       |       |       ||     1

Table legend: (Time is in decaauts)
 A = Elapsed time spent in this place.
 B = Non-inter-level travel time spent in this place.
 C = Inter-level travel time spent in this place.
 D = Time resting spent in this place.
 E = Time spent auto-exploring this place.
 F = Levels seen in this place.
 G = Mean time per level.
                   A        B        C        D        E       F      G
               +--------+--------+--------+--------+--------+-----+--------+
         Total |  10435 |  10090 |    345 |   3799 |    686 |  12 |  869.6 |
       Dungeon |  10431 |  10086 |    345 |   3799 |    686 |  10 | 1043.1 |
        Temple |      1 |      1 |      0 |      0 |      0 |   1 |    1.0 |
  Orcish Mines |      2 |      2 |      0 |      0 |      0 |   1 |    2.0 |
               +--------+--------+--------+--------+--------+-----+--------+

Top non-repeatable levels by time:
     D:9: 2076 daAuts
     D:5: 1423 daAuts
     D:8: 1206 daAuts
     D:6: 1158 daAuts
     D:7: 1149 daAuts
     D:3: 879 daAuts
     D:2: 847 daAuts
     D:4: 778 daAuts
     D:1: 730 daAuts
    D:10: 181 daAuts
   Orc:1: 2 daAuts
  Temple: 1 daAuts
